 Dungeon Crawl Stone Soup version 0.29.1-15-g9cfb28693d (webtiles) character file.

Game seed: 4288354809619895491

9882 babelonianboi the Cleaver (level 11, 0/68 HPs)
             Began as a Gargoyle Berserker on Apr 12, 2024.
             Was an Elder of Trog.
             Killed from afar by an efreet (31 damage)
             ... with a fireball
             ... on level 9 of the Dungeon on Apr 13, 2024.
             The game lasted 01:24:38 (12308 turns).

babelonianboi the Cleaver (Gargoyle Berserker)     Turns: 12308, Time: 01:24:38

Health: 0/68       AC: 24    Str: 26    XL:     11   Next: 53%
Magic:  11/11      EV: 12    Int:  7    God:    Trog [****..]
Gold:   323        SH:  0    Dex:  9    Spells: 10/10 levels left

rFire   . . .      SeeInvis .   b - +1 war axe (vorpal)
rCold   . . .      Faith    .   (no shield)
rNeg    + . .      Spirit   .   F - +0 plate armour
rPois   ∞          Reflect  .   i - +0 helmet
rElec   +          Harm     .   u - +0 cloak
rCorr   .          Rampage  .   (no gloves)
Will    .....                   (no boots)
Stlth   ..........              (no amulet)
HPRegen 0.21/turn               t - +4 ring of evasion
MPRegen 0.12/turn               C - ring of flight

@: flying
A: sickness immunity, AC +8, negative energy resistance 1, electricity
resistance, torment resistance 1, petrification resistance
a: Renounce Religion, Berserk, Trog's Hand, Brothers in Arms


You were on level 9 of the Dungeon.
You worshipped Trog.
Trog was greatly pleased with you.
You visited 2 branches of the dungeon, and saw 10 of its levels.
You also visited: Ossuary.

You collected 505 gold pieces.
You spent 182 gold pieces at shops.

Inventory:

Hand Weapons
 b - a +1 vorpal war axe (weapon)
 y - a +4 flail
Missiles
 h - 61 poisoned darts (quivered)
 q - 4 javelins
Armour
 i - a +0 helmet (worn)
 u - a +0 cloak (worn)
 F - a +0 plate armour (worn)
Jewellery
 t - a +4 ring of evasion (left hand)
 C - a ring of flight (right hand)
Wands
 c - a wand of flame (5)
 g - a wand of digging (9)
 n - a wand of polymorph (8)
 p - a wand of charming (48)
 I - a wand of acid (8)
 J - a wand of iceblast (14)
Scrolls
 a - 4 scrolls of immolation
 d - 5 scrolls of teleportation
 f - a scroll of blinking {unknown}
 k - a scroll of silence
 m - a scroll of poison
 r - 3 scrolls of fear
 v - a scroll of enchant armour
Potions
 e - a potion of mutation
 j - a potion of heal wounds
 l - 3 potions of lignification
 s - a potion of invisibility
 w - 2 potions of flight
 x - a potion of haste
 z - a potion of resistance
 A - 2 potions of attraction
 B - 2 potions of curing
 D - 2 potions of berserk rage
 E - a potion of cancellation {unknown}
 G - a potion of ambrosia {unknown}
 K - a potion of might
 L - a potion of magic {unknown}


   Skills:
 * Level 8.1 Fighting
 * Level 10.4(10.6) Axes
 * Level 3.1(7.9) Maces & Flails
 * Level 5.4 Throwing
 * Level 8.5 Armour
 * Level 5.2 Dodging
 + Level 1.9 Stealth
 + Level 2.5 Evocations


You had 10 spell levels left.
You didn't know any spells.
Your spell library was empty.

Dungeon Overview and Level Annotations

Branches:
Dungeon (9/15)             Temple (1/1) D:5            Lair (0/5) D:8
Ossuary (visited)
    Orc: D:9-12

Altars:
Ashenzari
Cheibriados
Dithmenos
Elyvilon
Fedhas
Gozag
Hepliaklqana
Kikubaaqudgha
Makhleb
Nemelex Xobeh
Okawaru
Qazlal
Ru
Sif Muna
Trog
Uskayaw
Vehumet
Wu Jian
Xom
Yredelemnul
The Shining One

Shops:
D:1 :(   D:7 :


Innate Abilities, Weirdness & Mutations

You are immune to sickness and miasma.
Your stone body is resilient. (AC +8)
You are immune to poison.
You resist negative energy. (rN+)
You are resistant to electric shocks. (rElec)
You are resistant to unholy torment.
You are immune to petrification.


Message History

Aiming: Iceblast
Press: ? - help, Shift-Dir - straight line, f/p - efreet
Aim: an efreet, wielding a +4 scimitar of flaming (heavily wounded)
The mass of ice explodes!
The iceblast engulfs the efreet!
The efreet is frozen!
The efreet is almost dead.
Unknown command.
Throw: 64 darts (poison)
Press: ? - help, Q - select action, (/) - cycle Shift-Dir - straight line, f/p - efreet
Aim: an efreet, wielding a +4 scimitar of flaming (almost dead, 79% to hit)
You throw a poisoned dart. The poisoned dart hits the efreet.
The efreet is almost dead.
Throw: 63 darts (poison)
Press: ? - help, Q - select action, (/) - cycle Shift-Dir - straight line, f/p - efreet
Aim: an efreet, wielding a +4 scimitar of flaming (almost dead, 79% to hit)
You throw a poisoned dart. The poisoned dart hits the efreet!
The efreet is almost dead.
Throw: 62 darts (poison)
Press: ? - help, Q - select action, (/) - cycle Shift-Dir - straight line, f/p - efreet
Aim: an efreet, wielding a +4 scimitar of flaming (almost dead, 79% to hit)
You throw a poisoned dart. The poisoned dart hits the efreet.
The efreet is poisoned.
The efreet is almost dead.
You hit the efreet but do no damage.
The efreet is almost dead.
The efreet gestures at you.
The fireball explodes!
The fireball engulfs you!!!
Ouch! That really hurt!
The fireball engulfs the efreet.
The efreet completely resists.
You feel much better. The efreet gestures at you. The bolt of fire hits you!
You barely miss the efreet. You punch the efreet, but do no damage.
The efreet is almost dead.
The efreet hits you but does no damage.
You barely miss the efreet.
The efreet is almost dead.
The efreet gestures at you.
The fireball explodes!
The fireball engulfs you!!
You die...

.........#
.........#
.........#
.........#
#..$.....#
.........#
.......!.#
......)@.#
........R#
.........(.
...!.##..#(#
..... #..#.#
.... #..# .
... ...# .
### ...# ##


You could see an efreet (poisoned).

Vanquished Creatures
  2 centaur warriors
  A boulder beetle (D:8)
  Amaemon (D:8)
  Pikel (D:8)
  Maurice (D:8)
  A gargoyle (D:8)
  An orange demon (D:8)
  A kobold demonologist (D:8)
  A tengu conjurer (D:8)
  Grinder (D:4)
  A hornet (D:8)
  A wraith (Ossuary)
  Sigmund (D:3)
  5 yaks (D:7)
  A basilisk (D:8)
  Menkaure (D:4)
  A vampire mosquito (D:8)
  A water moccasin (D:6)
  An orc warrior (D:8)
  3 black bears
  3 ogres (D:5)
  2 sky beasts
  2 centaurs
  2 lemures (D:8)
  A phantom (D:6)
  14 kobold brigands (D:8)
  4 bullfrogs
  4 scorpions
  2 necrophages (D:6)
  2 wights (D:8)
  4 killer bees (D:8)
  3 jellies
  4 hounds
  A gnoll bouda (D:5)
  2 iguanas (D:4)
  8 orc wizards
  A mummy (Ossuary)
  5 adders
  5 gnolls (D:5)
  A shadow imp (D:5)
  A white imp (D:7)
  3 worms
  A dart slug (D:1)
  19 orcs
  10 bats
  7 endoplasms
  3 giant cockroaches
  5 goblins
  6 hobgoblins
  10 jackals
  15 kobolds
  5 quokkas
  9 ball pythons
  2 frilled lizards
  5 gnoll skeletons (Ossuary)
  5 kobold skeletons (Ossuary)
  15 orc skeletons (Ossuary)
  9 rats
227 creatures vanquished.

Vanquished Creatures (collateral kills)
  A kobold brigand (D:6)
  A scorpion (D:6)
  3 wights
  An orc (D:6)
  5 kobolds (D:6)
11 creatures vanquished.

Vanquished Creatures (others)
  A centaur (D:8)
  3 wights (D:6)
  An iguana (D:6)
  15 fungi (D:8)
  12 plants (D:8)
32 creatures vanquished.

Grand Total: 270 creatures vanquished

Notes
Turn   | Place    | Note
-------+----------+-------------------------------------------
     0 | D:1      | babelonianboi the Gargoyle Berserker began the quest for
                  | the Orb.
     0 | D:1      | Reached XP level 1. HP: 14/14 MP: 1/1
   262 | D:1      | Reached skill level 3 in Axes
   272 | D:1      | Reached XP level 2. HP: 5/19 MP: 2/2
   691 | D:1      | Found Jogriaculi's Antique Weapon Boutique.
   741 | D:1      | Found Cipsit's Book Emporium.
  1234 | D:2      | Reached XP level 3. HP: 24/24 MP: 3/3
  1604 | D:2      | Found a faded altar of an unknown god.
  1703 | D:2      | Reached ** piety under Trog
  2615 | D:3      | Reached XP level 4. HP: 20/29 MP: 4/4
  2879 | D:3      | Noticed Sigmund
  2917 | D:3      | Killed Sigmund
  2918 | D:3      | Reached skill level 4 in Axes
  2918 | D:3      | Reached skill level 1 in Throwing
  2918 | D:3      | Reached XP level 5. HP: 13/33 MP: 5/5
  3228 | D:2      | Reached XP level 6. HP: 33/38 MP: 6/6
  3613 | D:3      | Found a bloodstained altar of Trog.
  3624 | D:3      | Found a stormy altar of Qazlal.
  3630 | D:3      | Found an iron altar of Okawaru.
  3635 | D:3      | Found a blossoming altar of Fedhas.
  3637 | D:3      | Found a burning altar of Makhleb.
  3642 | D:3      | Found a sacrificial altar of Ru.
  4054 | D:4      | Noticed Menkaure
  4082 | D:4      | Killed Menkaure
  4242 | D:4      | Reached XP level 7. HP: 30/44 MP: 7/7
  4244 | D:4      | Reached *** piety under Trog
  4246 | D:4      | Reached skill level 5 in Axes
  4316 | D:4      | Noticed Grinder
  4324 | D:4      | Paralysed by Grinder for 5 turns
  4338 | D:4      | Paralysed by Grinder for 2 turns
  4345 | D:4      | Killed Grinder
  4353 | D:4      | Found a sand-covered staircase.
  4468 | Ossuary  | Entered an ossuary
  4468 | Ossuary  | Noticed a wraith
  4468 | Ossuary  | Noticed a wraith
  4468 | Ossuary  | Noticed a wraith
  4688 | Ossuary  | Noticed a wraith
  4718 | Ossuary  | Killed a wraith
  4719 | Ossuary  | Reached XP level 8. HP: 46/48 MP: 8/8
  4943 | D:4      | Found a radiant altar of Vehumet.
  5161 | D:4      | Reached skill level 6 in Axes
  5161 | D:4      | Reached skill level 1 in Evocations
  5175 | D:4      | Reached skill level 5 in Armour
  5207 | D:4      | Reached **** piety under Trog
  5609 | D:1      | Bought a glowing war axe for 182 gold pieces
  5723 | D:5      | Entered Level 5 of the Dungeon
  5843 | D:5      | Reached skill level 5 in Fighting
  7032 | D:5      | Reached skill level 7 in Axes
  7036 | D:5      | Found a staircase to the Ecumenical Temple.
  7057 | Temple   | Entered the Ecumenical Temple
  7163 | D:5      | Reached XP level 9. HP: 54/54 MP: 9/9
  8295 | D:7      | Reached skill level 8 in Axes
  8524 | D:7      | Reached XP level 10. HP: 60/60 MP: 10/10
  9202 | D:7      | Found Jiurch's Book Shop.
  9581 | D:8      | Reached skill level 1 in Stealth
  9783 | D:8      | Found a staircase to the Lair.
 10137 | D:8      | Noticed Pikel
 10159 | D:8      | Killed Pikel
 10160 | D:8      | Reached skill level 9 in Axes
 10160 | D:8      | Reached skill level 1 in Maces & Flails
 10334 | D:8      | Noticed Maurice
 10342 | D:8      | Killed Maurice
 10382 | D:8      | Noticed Amaemon
 10383 | D:8      | Noticed an orange demon
 10396 | D:8      | Killed Amaemon
 10399 | D:8      | Killed an orange demon
 10652 | D:8      | Reached ***** piety under Trog
 10656 | D:8      | Reached skill level 5 in Throwing
 10656 | D:8      | Reached XP level 11. HP: 62/67 MP: 11/11
 10706 | D:8      | Reached skill level 5 in Dodging
 11126 | D:9      | Noticed a centaur warrior
 11158 | D:9      | Noticed a boulder beetle
 11172 | D:8      | Killed a centaur warrior
 11173 | D:8      | Reached skill level 10 in Axes
 11213 | D:9      | Noticed a centaur warrior
 11319 | D:8      | Killed a boulder beetle
 12275 | D:9      | Killed a centaur warrior
 12308 | D:9      | Killed from afar by an efreet

Illustrated notes

Levels and vault maps discovered:
D:1:      spicycebolla_green_bress_n_ham_2, layout_basic, serial_shops, shop,
          shop
D:2:      layout_basic, ebering_ecumenical_altar_petrified, grunt_ministairs_7
D:3:      layout_basic, nicolae_overflow_hallway_of_the_gods, uniq_sigmund
D:4:      layout_rooms, overflow_temple_1_default, enter_ossuary_1,
          minmay_a_box_with_orc_wizards_in_it, uniq_menkaure, uniq_grinder
D:5:      layout_basic, minmay_temple_entry_offerings
D:6:      layout_loops_cross, chequers_decorated_corner
D:7:      layout_basic, serial_shops, nicolae_shop_trees, chequers_garden
D:8:      layout_loops_cross, grunt_lair_entry_orc_guard_hut, special_room
          [special_room_kobold], uniq_maurice, uniq_amaemon, uniq_pikel
D:9:      layout_basic, gammafunk_ghost_wrathful_warriors, minmay_shop_chei,
          minmay_the_grid_2x2 [minmay_the_grid_large_cup, minmay_the_grid_rooms,
          minmay_the_grid_armoury, minmay_the_grid_prize_inner_circle],
          uniq_harold
Temple:   zaba_magenta_temple

Skill      XL: |  1  2  3  4  5  6  7  8  9 10 11 |
---------------+----------------------------------+-----
Axes           | 3 4 5 7 8 9 10 | 10.4
Fighting       | 4 5 6 7 8 |  8.1
Throwing       | 1 2 3 4 5 |  5.4
Armour         | 3 4 5 7 8 |  8.5
Dodging        | 2 3 4 5 |  5.2
Evocations     | 1 2 |  2.5
Stealth        | 1 |  1.9
Maces & Flails | 2 3 |  3.1

Action                   |  1- 3 |  4- 6 |  7- 9 | 10-12 || total
-------------------------+-------+-------+-------+-------++-------
Melee: Hand axe          |   152 |   122 |   131 |       ||   405
       Punch             |     3 |       |     3 |     3 ||     9
       War axe           |       |       |   161 |   323 ||   484
Throw: Javelin           |       |       |    17 |       ||    17
       Dart              |       |       |     3 |     3 ||     6
Invok: Berserk           |       |     2 |     1 |     6 ||     9
       Trog's Hand       |       |     1 |     1 |     3 ||     5
Evoke: Wand              |       |     1 |    33 |    35 ||    69
  Use: Scroll            |     8 |     3 |     5 |     3 ||    19
       Potion            |     2 |     1 |     3 |     3 ||     9
Armor: Animal skin       |     5 |       |       |       ||     5
       Ring mail         |    49 |    77 |    27 |       ||   153
       Scale mail        |       |       |    84 |    27 ||   111
       Skin              |       |       |    43 |       ||    43
       Plate armour      |       |       |       |   171 ||   171
       Chain mail        |       |       |       |     5 ||     5
Dodge: Dodged            |   103 |   142 |   211 |   206 ||   662
